 Dungeon Crawl Stone Soup version 0.21-a0-251-g5e8393f (webtiles) character file.

27 tidbits the Skirmisher (level 2, 16/24 HPs)
             Began as a Demigod Wanderer on Sept 5, 2017.
             Quit the game on level 3 of the Dungeon.
             The game lasted 00:03:14 (554 turns).

tidbits the Skirmisher (Demigod Wanderer)            Turns: 554, Time: 00:03:15

Health: 16/24      AC:  4    Str: 17    XL:     2   Next: 72%
Magic:  7/7        EV:  5    Int: 18    God:
Gold:   77         SH:  8    Dex: 15    Spells: 4/4 levels left

rFire    . . .     SeeInvis .   a - +0 whip
rCold    . . .     Gourm    .   D - +0 shield
rNeg     . . .     Faith    .   h - +0 chain mail
rPois    .         Spirit   .   (no helmet)
rElec    .         Reflect  .   (no cloak)
rCorr    .         Harm     .   (no gloves)
MR       +....                  (no boots)
Stlth    ..........             (no amulet)
HPRegen  0.00/turn              V - +1 ring of evasion (curse)
MPRegen  0.10/turn              (no ring)

@: no status effects
A: clever 1, deformed body, high mp 1, magic resistance 1, inhibited
regeneration, strong 1
a: no special abilities


You were on level 3 of the Dungeon.
You were not hungry.

You visited 1 branch of the dungeon, and saw 3 of its levels.

You collected 77 gold pieces.

Inventory:

Hand Weapons
 a - a +0 whip (weapon)
 d - a +0 club
 g - a +0 dagger
 l - a +0 hunting sling
Missiles
 e - 7 stones (quivered)
Armour
 c - a +0 ring mail
 h - a +0 chain mail (worn)
 D - a +0 shield (worn)
Jewellery
 V - a cursed +1 ring of evasion (left hand)
   (You found it on level 2 of the Dungeon)
Wands
 o - a wand of flame (13/48)
Scrolls
 j - a scroll of teleportation {unknown}
 m - a scroll of remove curse {unknown}
 n - a scroll of random uselessness {unknown}
 q - a scroll of recharging {unknown}
Potions
 k - a potion of flight {unknown}
Books
 b - the Papyrus of Displacement

   Spells                             Type                      Level
   a - Shroud of Golubria             Charms/Translocation         2
   b - Blink                          Translocation                2
Comestibles
 f - 3 bread rations
 i - a royal jelly


   Skills:
 + Level 2.1 Fighting
 + Level 1.5 Armour
 - Level 1.0 Shields
 + Level 1.9 Spellcasting
   Level 1.0 Hexes
   Level 1.7 Summonings
 + Level 1.8 Evocations


You had 4 spell levels left.
You didn't know any spells.

Dungeon Overview and Level Annotations

Branches:
Dungeon (3/15)

Annotations:
D:3 tidbits's ghost, amateur DgTm


Innate Abilities, Weirdness & Mutations

You have an increased reservoir of magic. (+10% MP)
Your mind is acute. (Int +2)
Armour fits poorly on your strangely shaped body.
You are resistant to hostile enchantments. (MR+)
You do not regenerate when monsters are visible.
Your muscles are strong. (Str +2)


Message History

m - a scroll labeled WUDOMO ZOAFA You see here a shield.
n - a shield Wear which item? (? for menu, Esc to quit)
You start putting on your armour.
You continue putting on your shield. x4
You finish putting on your +0 shield.
Adjust (i)tems, (s)pells, or (a)bilities?
Adjust which item? (? for menu, Esc to quit)
n - a +0 shield (worn)
Adjust to which letter? (? for menu, Esc to quit)
D - a +0 shield (worn)
A giant cockroach comes into view.
Found a scroll labeled LINNAU BEOMMIT.
You block the giant cockroach's attack.
You hit the giant cockroach.
You kill the giant cockroach!
n - a scroll labeled LINNAU BEOMMIT
Found a stone staircase leading down.
A kobold comes into view. It is wielding a whip.
The kobold shouts!
Found 2 white potions.
You closely miss the kobold. The kobold barely misses you.
You hit the kobold but do no damage.
The kobold hits you but does no damage. x2
You closely miss the kobold. The kobold hits you with a whip.
You hit the kobold but do no damage.
The kobold hits you but does no damage. x2
You completely miss the kobold. The kobold hits you with a whip.
* * * LOW HITPOINT WARNING * * *
You closely miss the kobold. You block the kobold's attack.
You hit the kobold.
You kill the kobold!
You see here a whip.
You see here a whip.
Press: ? - help, v - describe, . - travel, g - get item A whip.
The floor.
o - a whip Wield which item (- for none, * to show all)? (? for menu, Esc to quit)
o - a +0 whip (weapon)
Adjust (i)tems, (s)pells, or (a)bilities?
Adjust which item? (? for menu, Esc to quit)
o - a +0 whip (weapon)
Adjust to which letter? (? for menu, Esc to quit)
a - a +0 whip (weapon);
o - a wand of flame (13/48)
Found a blackened silver ring.
There is a stone staircase leading down here.
p - 2 white potions
q - a blackened silver ring;
f - 3 bread rations (gained 1) Put on which piece of jewellery? (? for menu, Esc to quit)
Oops, that ring feels deathly cold.
q - a cursed +1 ring of evasion (left hand) Adjust (i)tems, (s)pells, or (a)bilities?
Adjust which item? (? for menu, Esc to quit)
q - a cursed +1 ring of evasion (left hand) Adjust to which letter? (? for menu, Esc to quit)
V - a cursed +1 ring of evasion (left hand)
There is a stone staircase leading down here.
You climb downwards.
A frilled lizard comes into view.
The frilled lizard hisses angrily.
Found a scroll labeled SITYCH YWETOWU and 13 gold pieces.
Found an escape hatch in the floor.
There is a stone staircase leading up here.
You see here 13 gold pieces.
You now have 77 gold pieces (gained 13).
You hit the frilled lizard but do no damage.
You block the frilled lizard's attack.
The frilled lizard bites you but does no damage.
You miss the frilled lizard.
The frilled lizard bites you but does no damage.
Your shield and chain mail prevent you from hitting the frilled lizard.
You block the frilled lizard's attack.
You closely miss the frilled lizard.
The frilled lizard bites you but does no damage.
You hit the frilled lizard.
You kill the frilled lizard!
You see here a frilled lizard corpse.
q - a scroll labeled SITYCH YWETOWU A bat comes into view.
The bat moves out of view.
Found 17 stones.
You block the bat's attack.
Your chain mail prevents you from hitting the bat.
The bat hits you but does no damage.
Tidbits's ghost (amateur Demigod Transmuter) comes into view.
It is wielding a weapon of venom.
It was a potion of mutation.
You feel extremely strange.
Your body twists and deforms.
Your regeneration stops near monsters.
Your connection to magic feels subdued.
A pair of horns grows on your head!
Tidbits's ghost turns its malevolent gaze towards you.
The bat hits you but does no damage.
Tidbits's ghost moves out of view.
A goblin comes into view. It is wielding a club.
Really quaff
p - a potion of mutation {!q}?
You feel extremely strange.
Your magic regains its normal vibrancy.
The horns on your head shrink away.
You feel clever.
You feel stronger.
You feel resistant to hostile enchantments.
The goblin shouts!
You hear a bark!
The bat hits you but does no damage. You block the bat's attack.
Are you sure you want to abandon this character and quit the game? (Confirm with "yes".)

..#...# ....
.#...# ....
...(# W... #....
... ...#..#
.g#b.###
#########......#
#........@#
#.........#
#..†......#
#.........#
####<.....#
#.....## #.....#
#.....# #.....#


You could see tidbits's ghost, a goblin and a bat.

Vanquished Creatures
  2 dart slugs (D:1)
  A ball python (D:1)
  A giant cockroach (D:2)
  3 goblins (D:1)
  A hobgoblin (D:1)
  4 jackals (D:1)
  2 frilled lizards
  4 kobolds
  4 rats (D:1)
22 creatures vanquished.

Notes
Turn   | Place    | Note
-------+----------+-------------------------------------------
     0 | D:1      | tidbits the Demigod Wanderer began the quest for the Orb.
     0 | D:1      | tidbits set off with: a wand of flame (15/48), the Papyrus of Displacement, a +0 ring mail, a +0 club, a bread ration
     0 | D:1      | Reached XP level 1. HP: 17/17 MP: 5/5
     0 | D:1      | Identified the Papyrus of Displacement
   246 | D:1      | Reached skill level 2 in Fighting
   285 | D:1      | Reached XP level 2. HP: 5/24 MP: 7/7
   552 | D:3      | Noticed tidbits's ghost (amateur DgTm)
   552 | D:3      | Gained mutation: Armour fits poorly on your strangely shaped body. [potion of mutation]
   552 | D:3      | Gained mutation: You do not regenerate when monsters are visible. [potion of mutation]
   552 | D:3      | Gained mutation: Your spells are a little easier to cast, but a little less powerful. [potion of mutation]
   552 | D:3      | Gained mutation: You have a pair of small horns on your head. [potion of mutation]
   553 | D:3      | Lost mutation: Your spells are a little easier to cast, but a little less powerful. [potion of mutation]
   553 | D:3      | Lost mutation: You have a pair of small horns on your head. [potion of mutation]
   553 | D:3      | Gained mutation: Your mind is acute. (Int +2) [potion of mutation]
   553 | D:3      | Gained mutation: Your muscles are strong. (Str +2) [potion of mutation]
   553 | D:3      | Gained mutation: You are resistant to hostile enchantments. (MR+) [potion of mutation]
   554 | D:3      | Quit the game

Vault maps used:
D:1:      ncdulo_wetmaze
D:2:      lemuel_upstairs_altar, okawaru_trees_1, elyvilon_altar_4, first_bread,
          led_sif_pool
D:3:      cheibrodos_thug_alley, tgw_fedhas

Skill      XL: |  1 |
---------------+----+-----
Fighting       | 2 |  2.1
Armour         | |  1.5
Shields        | |  1.0
Spellcasting   | |  1.9
Hexes          | |  1.0
Summonings     | |  1.7
Evocations     | |  1.8

Action                   || total
-------------------------++-------
Melee: Club              ||    98
       Whip              ||     6
Evoke: Wand              ||     2
  Use: Potion            ||     2
Armor: Chain mail        ||    79
Dodge: Dodged            ||    41
Block: Shield            ||     6

Table legend:
 A = Spawn XP
 B = Non-spawn XP
 C = Spawn XP percentage of total XP
 D = Spawn monster count
 E = Non-spawn monster count
 F = Spawn count percentage of total count
 G = Total turns spent on level
                    A         B        C        D         E        F      G
               +---------+---------+-------+---------+---------+-------+---------
         Total |       8 |      31 |  20.5 |       4 |      18 |  18.2 |   554
               +---------+---------+-------+---------+---------+-------+---------
           D:1 |       8 |      26 |  23.5 |       4 |      15 |  21.1 |   441
           D:2 |       0 |       4 |   0.0 |       0 |       2 |   0.0 |    90
           D:3 |       0 |       1 |   0.0 |       0 |       1 |   0.0 |    23
               +---------+---------+-------+---------+---------+-------+---------

Table legend:
 A = Turns spent in this place as a percentage of turns spent in the entire game.
 B = Non-inter-level travel turns spent in this place as a percentage of non-inter-level travel turns spent in the entire game.
 C = Inter-level travel turns spent in this place as a percentage of turns spent in this place.
 D = Turns resting spent in this place as a percentage of non-inter-level travel turns spent in this place.
 E = Turns spent auto-exploring this place as a percentage of non-inter-level travel turns spent in this place.
 F = Non-inter-level travel turns spent in this place divided by the number of levels of this place that you've seen.
                   A       B       C       D       E      F
               +-------+-------+-------+-------+-------+----------------------
         Total | 100.0 | 100.0 |   9.0 |   0.0 |   0.0 | 168.0
       Dungeon | 100.0 | 100.0 |   9.0 |   0.0 |   0.0 | 168.0
               +-------+-------+-------+-------+-------+----------------------

Table legend:
 A = Kills in this place as a percentage of kills in entire the game.
 B = Kills by you in this place as a percentage of kills by you in the entire game.
 C = Kills by friends in this place as a percentage of kills by friends in the entire game.
 D = Other kills in this place as a percentage of other kills in the entire game.
 E = Experience gained in this place as a percentage of experience gained in the entire game.
 F = Experience gained in this place divided by the number of levels of this place that you have seen.
                   A       B       C       D       E      F
               +-------+-------+-------+-------+-------+----------------------
         Total | 100.0 | 100.0 |   N/A |   N/A | 100.0 |  13.0
       Dungeon | 100.0 | 100.0 |   N/A |   N/A | 100.0 |  13.0
               +-------+-------+-------+-------+-------+----------------------

Vault maps used:
D:1:      ncdulo_wetmaze
D:2:      lemuel_upstairs_altar, okawaru_trees_1, elyvilon_altar_4, first_bread,
          led_sif_pool
D:3:      cheibrodos_thug_alley, tgw_fedhas
